AoeStats
← mbrdgrs6

Arabia

510637492Analyzed
1v1 RM · 2d ago on Oct 1, 2026· 41m 22s· 2 players
Game mode
Random Map
Map size
Tiny (2 player)
Population
200
Speed
Normal
Resources
Standard
Victory
Conquest
Starting age
Dark Age
Ending age
Imperial Age
RankedLock teamsTeams togetherTeam positionsShared explorationLock speedFull tech treeHidden civsTurbo modeCheats
Victory
Defeat
🇺🇸 Ethiopians · United States
1161
+15
🇵🇪 Mongols · Peru
1139
-15
VIT | Aguilax
7:19 Loom
9:26 Feudal Age
9:48 Man-at-Arms
24:02 Castle Age
22:22 Padded Archer Armor
22:11 Horse Collar
22:47 Fletching
24:27 Scale Barding Armor
24:52 Double-Bit Axe
25:24 Bloodlines
26:19 Forging
26:45 Bow Saw
27:02 Heavy Plow
27:17 Husbandry
29:54 Light Cavalry
31:38 Elite Skirmisher
32:33 Gold Mining
33:33 Chain Barding Armor
33:10 Bodkin Arrow
39:07 Imperial Age
36:56 Thumb Ring
37:53 Leather Archer Armor
39:10 Gold Shaft Mining
41:25 Iron Casting
mbrdgrs6
4:15 Loom
6:15 Loom
9:43 Feudal Age
11:07 Double-Bit Axe
18:52 Castle Age
25:17 Horse Collar
29:09 Fletching
30:42 Wheelbarrow
30:51 Heavy Plow
32:07 Squires
32:14 Gold Mining
33:22 Scale Mail Armor
35:16 Hand Cart
35:34 Bow Saw
36:23 Gold Shaft Mining
36:44 Bodkin Arrow
36:51 Padded Archer Armor
37:18 Forging
36:43 Crossbowman
40:35 Imperial Age
38:46 Thumb Ring
39:01 Leather Archer Armor
39:27 Elite Skirmisher
40:41 Arbalester
40:42 Halberdier
41:36 Stone Mining
Connection lost

Rejoining the realm…

Still unreachable

The connection could not be restored.

Session expired

The server has moved on; the page needs a fresh start.